 Dungeon Crawl Stone Soup version 0.17-a0-1863-g715b4b0 (webtiles) character file.

53 Goblin1989 the Insei (level 3, -12/19 HPs)
             Began as a Vine Stalker Monk on Sept 21, 2015.
             Was a Believer of Makhleb.
             Killed by divine providence
             ... invoked by an orc priest
              (13 damage)
             ... on level 3 of the Dungeon.
             The game lasted 00:04:36 (1666 turns).

Goblin1989 the Insei (Vine Stalker Monk)            Turns: 1666, Time: 00:04:38

Health: -12/19     AC:  3    Str: 13    XL:     3   Next: 89%
Magic:  0/4        EV: 13    Int: 11    God:    Makhleb [**....]
Gold:   92         SH:  0    Dex: 16    Spells: 0 memorised, 2 levels left

rFire  . . .     SeeInvis .       - Unarmed
rCold  . . .     Clarity  .     a - +0 robe
rNeg   . . .     SustAt   .     (no shield)
rPois  .         Gourm    .     o - +0 helmet
rElec  .         Spirit   +     (no cloak)
rCorr  .         Warding  .     (no gloves)
rMut   .         Stasis   .     (no boots)
MR     .....                    (no amulet)
Stlth  ++........               (no ring)
                                (no ring)

@: lethally poisoned (-12 -> -18), flying, very slightly contaminated, hasted,
drained, very quick, not resistant to hostile enchantments, unstealthy
A: fangs 2, regeneration 1, magic shield, antimagic bite, no device heal 3, rot
immunity
a: Minor Destruction, Renounce Religion


You were on level 3 of the Dungeon.
You worshipped Makhleb.
Makhleb was pleased with you.
You were not hungry.

You visited 1 branch of the dungeon, and saw 3 of its levels.

You collected 92 gold pieces.

Inventory:

Armour
 a - a +0 robe (worn)
 o - a +0 helmet (worn)
Scrolls
 c - 2 scrolls of enchant weapon
 f - 2 scrolls of fog {unknown}
 j - a scroll of identify {unknown}
 m - a scroll of blinking {unknown}
 n - 2 scrolls of remove curse
 q - a scroll of noise {unknown}
Potions
 h - a potion of degeneration {unknown}
 k - a potion of might {unknown}
 l - a potion of poison
 p - a potion of resistance {unknown}
Comestibles
 b - 4 bread rations
 g - 3 fruits
 i - a meat ration
 r - 2 chunks of flesh


   Skills:
 - Level 2.6(2.5) Fighting
 - Level 2.4(2.2) Dodging
 - Level 2.4(2.2) Stealth
 + Level 5.4(5.2) Unarmed Combat


You had 2 spell levels left.
You didn't know any spells.

Dungeon Overview and Level Annotations

Branches:
Dungeon (3/15)

Altars:
Makhleb


Innate Abilities, Weirdness & Mutations

You have extremely sharp teeth.
Your natural rate of healing is unusually fast.
When hurt, damage is shared between your health and your magic reserves.
Your bite disrupts and absorbs the magic of your enemies.
Potions and wands cannot restore your health.
You are immune to rotting.


Message History

Drink which item? (? for menu, Esc to quit)
It was a potion of poison.
That liquid tasted very nasty...
You are lethally poisoned!
* * * LOW HITPOINT WARNING * * *
You feel sick. The orc wizard closely misses you.
Drink which item? (? for menu, Esc to quit)
It was a potion of haste.
You feel yourself speed up.
* * * LOW HITPOINT WARNING * * *
You feel sick. The orc wizard barely misses you.
You are very lightly contaminated with residual magic.
Drink which item? (? for menu, Esc to quit)
It was a potion of flight.
You feel very buoyant.
You fly up into the air.
The orc wizard hits you but does no damage.
The orc priest calls down the wrath of Beogh upon you.
Something smites you!
Ouch! That really hurt!
You die...

##.......## #........#
#.........####...#.#.#
+.........'...........
#.......).##.....#.#.#
###.......##........#.#
.........####....####.#
####...## ##.#.# #.#
##.## #.#.####.# #@#
#.#......# #o#
#.######## ##o## #.#
##oo.## #.# #.....# #.#
#oo........## #.#
#####.###...... #.
#..#### # ...#


You could see an orc priest, an orc wizard and 2 orcs.

Vanquished Creatures
  A gnoll (D:1)
  3 giant geckos (D:1)
  An orc (D:2)
  3 bats
  3 giant cockroaches
  5 goblins
  4 hobgoblins
  3 jackals (D:1)
  11 kobolds
  A ball python (D:1)
  A giant newt (D:1)
  2 rats
38 creatures vanquished.

Notes
Turn   | Place    | Note
--------------------------------------------------------------
     0 | D:1      | Goblin1989 the Vine Stalker Monk began the quest for the Orb.
     0 | D:1      | Reached XP level 1. HP: 11/11 MP: 2/2
    79 | D:1      | Reached XP level 2. HP: 16/16 MP: 3/3
   307 | D:1      | Reached XP level 3. HP: 14/19 MP: 2/4
   504 | D:1      | Reached skill level 5 in Unarmed Combat
  1165 | D:2      | Found a burning altar of Makhleb.
  1175 | D:2      | Became a worshipper of Makhleb the Destroyer
  1175 | D:2      | Acquired Makhleb's first power
  1175 | D:2      | Acquired Makhleb's second power
  1424 | D:2      | Found a faded altar to an unknown god.
  1666 | D:3      | Killed from afar by an orc priest

Vault maps used:
D:1:      dpeg_cavernosity, minmay_misc_feat_five, serial_park_tiny_pond
D:2:      ecumenical_altar_1, first_bread, bloody_makhleb

Action                   || total
-------------------------++-------
Melee: Unarmed           ||   112
  Use: Potion            ||     3
       Scroll            ||     2
 Stab: Sleeping          ||     6
  Eat: Chunk             ||     2
